[Event "December 5 Early 2023"]
[Site "https://www.chess.com"]
[Date "2023.12.05"]
[Round "9"]
[White "Wagh Suyog"]
[Black "Ambartsumova, Karina"]
[Result "1/2-1/2"]
[Board "42"]
[TimeControl "180+1"]
[WhiteFideId "25071688"]
[BlackFideId "4166299"]
[WhiteElo "2766"]
[BlackElo "2629"]
[WhiteTeam "IND"]
[BlackTeam "RUS"]
[WhiteClock "0:00:02"]
[BlackClock "0:00:08"]

1. e4 e5 2. Nf3 Nc6 3. Bb5 Nf6 4. O-O Nxe4 5. Re1 Nd6 6. Nxe5 Nxe5 7. Rxe5+ Be7 8. Bf1 O-O 9. d4 Bf6 10. Re1 Re8 11. Rxe8+ Nxe8 12. d5 d6 13. Nd2 Bf5 14. Nc4 g6 15. a4 a5 16. Bd3 Ng7 17. Ra3 Qd7 18. Ne3 Bxd3 19. Qxd3 Re8 20. Kf1 b6 21. Qc4 h5 22. Qb5 Qxb5+ 23. axb5 Re4 24. c4 Bd4 25. f3 Rh4 26. Nd1 Rxh2 27. Nf2 Nf5 28. Bf4 Rh4 29. Bg5 Bxf2 30. Kxf2 Rxc4 31. Rc3 Rxc3 32. bxc3 a4 33. Bc1 f6 34. g4 hxg4 35. fxg4 Ne7 36. c4 Kf7 37. Kf3 f5 38. g5 Ke8 39. Ke3 Kd7 40. Kd4 f4 41. Bxf4 Nf5+ 42. Kc3 a3 43. Kb3 Nd4+ 44. Kxa3 Ne2 45. Be3 Ng3 46. Kb3 Nf5 47. Bc1 Nd4+ 48. Kc3 Ne2+ 49. Kc2 Nd4+ 50. Kd3 Nf5 51. Ke4 Ke7 52. Bf4 Kd7 53. Kf3 Nd4+ 54. Ke4 Nf5 55. Bd2 Ke7 56. Bc3 Kd7 57. Bf6 Ng3+ 58. Kf4 Nf5 59. Bc3 Nh4 60. Bb2 Nf5 61. Bc3 Nh4 62. Bb2 Nf5 63. Ba3 Nd4 64. Ke4 Nf5 65. Bc1 Ng3+ 66. Kf3 Nf5 67. Ke4 1/2-1/2

[Event "December 5 Early 2023"]
[Site "https://www.chess.com"]
[Date "2023.12.05"]
[Round "9"]
[White "Halkias, Stelios"]
[Black "Agibileg, Uurtsaikh"]
[Result "1/2-1/2"]
[Board "43"]
[TimeControl "180+1"]
[WhiteFideId "4201809"]
[BlackFideId "4901606"]
[WhiteElo "2764"]
[BlackElo "2626"]
[WhiteTeam "GRE"]
[BlackTeam "MGL"]
[WhiteClock "0:00:16"]
[BlackClock "0:00:04"]

1. Nf3 c5 2. c4 e6 3. g3 Nf6 4. Bg2 d5 5. cxd5 exd5 6. d4 Nc6 7. O-O cxd4 8. Nxd4 Bc5 9. Nb3 Be7 10. Bg5 Be6 11. Nc3 O-O 12. Nd4 Nxd4 13. Qxd4 h6 14. Be3 Qd7 15. Rfd1 Rfd8 16. Qd2 b6 17. Bd4 Rac8 18. Rac1 Ne4 19. Nxe4 Rxc1 20. Qxc1 dxe4 21. Bxe4 Bc5 22. e3 Bxa2 23. Bf3 Bb3 24. Rd3 Qf5 25. Be2 Bxd4 26. Rxb3 Bc5 27. Rc3 a5 28. Rc4 Qd5 29. Rc2 Re8 30. h4 Qd6 31. Kg2 Re5 32. Bf3 Rf5 33. Rc4 Qd8 34. Qc2 Rf6 35. Qe4 Rd6 36. h5 Rd2 37. Rc2 Rxc2 38. Qxc2 Qd6 39. b3 Qe5 40. Qd3 Qd6 41. Qf5 Qe6 42. Qd3 Qd6 43. Bd5 Qd7 44. Qe4 Bf8 45. g4 b5 46. Kf3 a4 47. bxa4 bxa4 48. Ba2 Qd1+ 49. Kg2 Qd7 50. Bd5 a3 51. Kf3 Qd6 52. Qc4 Qf6+ 53. Kg2 Bd6 54. f4 Bf8 55. Kf3 Qe7 56. Qb3 Qf6 57. Qb7 Qe7 58. Qb3 Qf6 59. e4 Qe7 60. e5 Qe8 61. Ke4 Qe7 62. Qc4 Qa7 63. Qb3 a2 64. Qxa2 Qxa2 65. Bxa2 Be7 66. Kf5 Kf8 67. Bd5 Bd8 68. Ke4 Be7 69. Bc4 Bd8 70. Kf5 Be7 71. Ke4 Bd8 72. Kd5 Be7 73. Bd3 Bh4 74. Ke4 Be7 75. Bc4 1/2-1/2

[Event "December 5 Early 2023"]
[Site "https://www.chess.com"]
[Date "2023.12.05"]
[Round "9"]
[White "Samunenkov, Ihor"]
[Black "Golubev, Mikhail"]
[Result "1-0"]
[Board "44"]
[TimeControl "180+1"]
[WhiteFideId "14187086"]
[BlackFideId "14100983"]
[WhiteElo "2755"]
[BlackElo "2619"]
[WhiteTeam "UKR"]
[BlackTeam "UKR"]
[WhiteClock "0:00:05"]
[BlackClock "0:00:00"]

1. d4 Nf6 2. Nc3 d5 3. Bf4 c5 4. e4 Nxe4 5. Nxe4 dxe4 6. dxc5 Qa5+ 7. c3 Qxc5 8. Qa4+ Nc6 9. Qxe4 Bf5 10. Qa4 e6 11. Nf3 Bd6 12. Be3 Qa5 13. Qxa5 Nxa5 14. O-O-O Ke7 15. Nd4 Be4 16. Nb5 Bb8 17. f3 Bc6 18. Be2 a6 19. Bc5+ Kf6 20. Nd6 Ba7 21. Bxa7 Rxa7 22. b4 Ba4 23. bxa5 Bxd1 24. Rxd1 Ke7 25. Rd4 Rd8 26. Nc4 Raa8 27. Kb2 Rxd4 28. cxd4 Rd8 29. Kc3 Rd5 30. f4 h6 31. a4 g5 32. Bf3 Rd7 33. g3 gxf4 34. gxf4 Kf6 35. Be4 Rc7 36. Kb4 Ke7 37. h4 f6 38. f5 Rd7 39. Kc3 Rc7 40. fxe6 Kxe6 41. d5+ Kd7 42. d6 Rc5 43. Bxb7 Rh5 44. Bxa6 Rxh4 45. Bb5+ Kd8 46. a6 Rh3+ 47. Kb4 Rh1 48. a7 1-0

[Event "December 5 Early 2023"]
[Site "https://www.chess.com"]
[Date "2023.12.05"]
[Round "9"]
[White "Olenik Campa, Rudi"]
[Black "Sokolovsky, Yahli"]
[Result "0-1"]
[Board "45"]
[TimeControl "180+1"]
[WhiteFideId "14633264"]
[BlackFideId "2820242"]
[WhiteElo "2615"]
[BlackElo "2751"]
[WhiteTeam "SLO"]
[BlackTeam "ISR"]
[WhiteClock "0:00:35"]
[BlackClock "0:00:13"]

1. e4 d6 2. g3 e5 3. Bg2 Nc6 4. Ne2 g6 5. O-O Bg7 6. f4 Nge7 7. c3 O-O 8. d4 f5 9. fxe5 dxe5 10. d5 Nb8 11. Nd2 Nd7 12. c4 a5 13. Nc3 Nc5 14. Qe2 a4 15. Nf3 b6 16. Be3 fxe4 17. Ng5 Nf5 18. Ngxe4 Nd4 19. Qd2 Nxe4 20. Nxe4 Bf5 21. Bh6 Bxe4 22. Bxe4 Bxh6 23. Qxh6 Qd6 24. h4 Rxf1+ 25. Rxf1 Rf8 26. h5 Ne2+ 27. Kg2 Rxf1 28. hxg6 hxg6 29. Bxg6 Rg1+ 30. Kf2 Qf8+ 31. Kxe2 Qxh6 0-1

[Event "December 5 Early 2023"]
[Site "https://www.chess.com"]
[Date "2023.12.05"]
[Round "9"]
[White "Fier, Alexandr"]
[Black "Hjartarson, Johann"]
[Result "0-1"]
[Board "46"]
[TimeControl "180+1"]
[WhiteFideId "2107139"]
[BlackFideId "2300044"]
[WhiteElo "2749"]
[BlackElo "2615"]
[WhiteTeam "BRA"]
[BlackTeam "ISL"]
[WhiteClock "0:01:42"]
[BlackClock "0:00:19"]

1. Nf3 Nf6 2. g3 b5 3. Bg2 Bb7 4. O-O e6 5. c3 Be7 6. Qb3 a6 7. a4 c6 8. d4 O-O 9. Bg5 d5 10. Bxf6 Bxf6 11. Nbd2 Nd7 12. e4 Nb6 13. a5 Nd7 14. Qc2 Rc8 15. e5 Be7 16. b4 Re8 17. Nb3 Nf8 18. Ne1 Rc7 19. Nd3 Bc8 20. f4 f5 21. exf6 gxf6 22. Rae1 Bd6 23. Nbc5 Rf7 24. Re3 Ree7 25. Rfe1 Qe8 26. Qe2 Kh8 27. Bf3 Rg7 28. Bh5 Qd8 29. Kh1 Qc7 30. Qg2 Bxc5 31. Nxc5 Qd6 32. Bf3 Ng6 33. Qc2 e5 34. fxe5 fxe5 35. dxe5 Rxe5 36. Rxe5 Nxe5 37. Bg2 Kg8 38. Qe2 Re7 39. Qh5 Ng6 40. Rf1 Re3 41. Bh3 Bxh3 42. Qxh3 d4 43. Qc8+ Kg7 44. cxd4 Qd5+ 45. Kg1 Re2 46. Qc7+ Kh6 47. Rf2 Re1+ 48. Rf1 Qxd4+ 49. Kg2 Qd5+ 50. Kf2 Qd2+ 51. Kg1 Qd4+ 52. Kg2 Re2+ 53. Kh3 Qd2 54. Rh1 Qg5 0-1

[Event "December 5 Early 2023"]
[Site "https://www.chess.com"]
[Date "2023.12.05"]
[Round "9"]
[White "Maltsevskaya, Aleksandra"]
[Black "Atakhan, Abtin"]
[Result "1-0"]
[Board "47"]
[TimeControl "180+1"]
[WhiteFideId "24174041"]
[BlackFideId "22502203"]
[WhiteElo "2611"]
[BlackElo "2735"]
[WhiteTeam "POL"]
[BlackTeam "IRI"]
[WhiteClock "0:00:06"]
[BlackClock "0:00:00"]

1. e4 c5 2. Nf3 d6 3. d4 cxd4 4. Nxd4 Nf6 5. Nc3 a6 6. g3 e5 7. Nb3 Be7 8. Bg2 b5 9. O-O Bb7 10. a4 b4 11. Nd5 Nxd5 12. exd5 a5 13. Bd2 Nd7 14. c3 Qb6 15. cxb4 axb4 16. Qg4 Nf6 17. Qxb4 Qxb4 18. Bxb4 Bxd5 19. Bxd5 Nxd5 20. Bxd6 Bxd6 21. Rfd1 Ke7 22. Rxd5 Rhb8 23. Nd2 Ke6 24. Rd3 Bc5 25. b3 f5 26. Rc1 e4 27. Rdc3 Bd4 28. Rc6+ Kf7 29. Nc4 g6 30. Nd6+ Kg8 31. Nb5 Bg7 32. Rc7 Rd8 33. Re7 Bf6 34. Re6 Bb2 35. Rc7 Rd3 36. b4 Rb3 37. Na7 Rxb4 38. Nc8 Bg7 39. Re8+ Bf8 40. Ne7+ Kf7 41. Rxa8 Bxe7 42. Raa7 1-0

[Event "December 5 Early 2023"]
[Site "https://www.chess.com"]
[Date "2023.12.05"]
[Round "9"]
[White "Sahakyan, Aleks"]
[Black "Aswath, S"]
[Result "1-0"]
[Board "48"]
[TimeControl "180+1"]
[WhiteFideId "13316338"]
[BlackFideId "46694919"]
[WhiteElo "2727"]
[BlackElo "2610"]
[WhiteTeam "ARM"]
[BlackTeam "IND"]
[WhiteClock "0:00:39"]
[BlackClock "0:00:03"]

1. e4 c5 2. Nc3 d6 3. f4 Nc6 4. Nf3 g6 5. Bc4 Bg7 6. O-O e6 7. d3 Nge7 8. Qe1 O-O 9. f5 gxf5 10. Qh4 Ng6 11. Qh5 Nd4 12. Ng5 h6 13. exf5 Nxf5 14. Rxf5 hxg5 15. Bxg5 Qb6 16. Ne4 d5 17. Nf6+ Bxf6 18. Rxf6 Qxb2 19. Raf1 Bd7 20. Bh6 Qd4+ 21. Kh1 dxc4 22. Rxg6+ fxg6 23. Qxg6+ Kh8 24. Bxf8 Bc6 25. Be7 1-0

[Event "December 5 Early 2023"]
[Site "https://www.chess.com"]
[Date "2023.12.05"]
[Round "9"]
[White "Janaszak, Dawid"]
[Black "Gabrielian, Artur"]
[Result "0-1"]
[Board "49"]
[TimeControl "180+1"]
[WhiteFideId "1119206"]
[BlackFideId "4131002"]
[WhiteElo "2605"]
[BlackElo "2723"]
[WhiteTeam "POL"]
[BlackTeam "RUS"]
[WhiteClock "0:00:03"]
[BlackClock "0:00:14"]

1. e4 c5 2. Nc3 d6 3. f4 Nc6 4. Nf3 g6 5. Bc4 Bg7 6. O-O e6 7. d4 cxd4 8. Nb5 a6 9. Nbxd4 Nge7 10. f5 d5 11. exd5 exd5 12. Bb3 Nxf5 13. Nxf5 Bxf5 14. Re1+ Be6 15. Qxd5 O-O 16. Qxd8 Nxd8 17. c3 Bxb3 18. axb3 Ne6 19. Be3 Rfd8 20. Rad1 Rac8 21. b4 h5 22. Kf2 f5 23. Bb6 Rxd1 24. Rxd1 Rc6 25. Be3 f4 26. Bc1 g5 27. Rd7 b5 28. g3 g4 29. Nh4 f3 30. Nf5 Bf8 31. Ra7 Nc7 32. Be3 Nd5 33. Bd4 Re6 34. Rd7 Nf6 35. Bxf6 Rxf6 36. Rd5 Re6 37. Nd4 Rh6 38. Nf5 Rh7 39. Rd8 Kf7 40. Nd4 Be7 41. Ra8 h4 42. Rxa6 hxg3+ 43. Kxg3 Rh3+ 44. Kf2 Rxh2+ 45. Kf1 g3 46. Nxf3 Rf2+ 47. Kg1 Rxf3 48. Kg2 Rd3 49. Ra7 Ke6 50. Rb7 Bd6 51. Rxb5 Rd2+ 52. Kg1 Bf4 53. Rb6+ Kf5 54. Rb7 Be3+ 55. Kf1 g2+ 56. Ke1 g1=Q# 0-1

[Event "December 5 Early 2023"]
[Site "https://www.chess.com"]
[Date "2023.12.05"]
[Round "9"]
[White "Navarrete Mendez, Gonzalo Alberto"]
[Black "Matinian, Nikita"]
[Result "0-1"]
[Board "50"]
[TimeControl "180+1"]
[WhiteFideId "5106850"]
[BlackFideId "24129100"]
[WhiteElo "2603"]
[BlackElo "2715"]
[WhiteTeam "MEX"]
[BlackTeam "FID"]
[WhiteClock "0:00:11"]
[BlackClock "0:00:50"]

1. e4 c5 2. Nf3 e6 3. Nc3 Nc6 4. d4 cxd4 5. Nxd4 Qc7 6. Ndb5 Qb8 7. Be3 a6 8. Bb6 axb5 9. Nxb5 Bb4+ 10. c3 Ba5 11. Nd6+ Kf8 12. Bc5 b6 13. Qh5 Nh6 14. Ba3 Bxc3+ 15. Ke2 Rxa3 16. Nc4 Ba6 17. Kd1 Bxc4 18. Bxc4 Qd6+ 19. Ke2 Qd2+ 20. Kf1 Bxb2 21. Rd1 Qc2 22. Bb3 Rxb3 23. axb3 Bd4 24. Qf3 Ne5 25. Qe2 Qxe2+ 26. Kxe2 Bc5 27. f4 Nc6 28. Rxd7 g6 29. Ra1 Kg7 30. h3 e5 31. f5 gxf5 32. exf5 Nxf5 33. g4 Nfd4+ 34. Kd3 Nxb3 35. Rf1 Rf8 36. h4 Bd4 37. g5 Nc5+ 0-1

[Event "December 5 Early 2023"]
[Site "https://www.chess.com"]
[Date "2023.12.05"]
[Round "9"]
[White "Hambleton, Aman"]
[Black "Yashmetov, Mikhail"]
[Result "1-0"]
[Board "51"]
[TimeControl "180+1"]
[WhiteFideId "2606577"]
[BlackFideId "24198900"]
[WhiteElo "2707"]
[BlackElo "2536"]
[WhiteTeam "CAN"]
[BlackTeam "RUS"]
[WhiteClock "0:00:02"]
[BlackClock "0:01:20"]

1. d4 d5 2. Bf4 Nf6 3. e3 e6 4. Nf3 c5 5. c3 Nc6 6. Nbd2 Bd6 7. Bg3 O-O 8. Bd3 Re8 9. Ne5 Qc7 10. f4 a6 11. O-O b5 12. Bh4 Be7 13. Qf3 g6 14. Qh3 Bb7 15. Nxf7 Kxf7 16. Bxf6 Bxf6 17. Qxh7+ Bg7 18. Bxg6+ Kf8 19. f5 Ke7 20. Qxg7+ Kd6 21. Qxc7+ Kxc7 22. Bxe8 Rxe8 23. fxe6 Rxe6 24. dxc5 Rxe3 25. Rae1 Rd3 26. Nb3 Bc8 27. Rf3 Rxf3 28. gxf3 Nd8 29. Nd4 Ne6 30. Nxe6+ Kc6 31. b4 a5 32. Nd4+ Kc7 33. a3 axb4 34. axb4 Kb7 35. Re5 Ka6 36. Kf2 Bh3 37. Kg3 Kb7 38. Kf4 Bd7 39. Kg5 Bc6 40. Kf6 Bd7 41. Ke7 Bh3 42. Kd6 Bg2 43. Re6 Bf1 44. Ke5 Bc4 45. Rb6+ Kc7 46. Nxb5+ Kd7 47. Nd4 Ke7 48. Rd6 Kf7 49. Nf5 Bd3 50. Ne3 Kg8 51. Nxd5 Bc2 52. Nf6+ Kg7 53. Ne4 Bb3 54. h4 Kg8 55. f4 Ba2 56. Rb6 Bb3 57. Nd2 Bc4 58. Nxc4 Kg7 59. Ne3 Kh7 60. Rd6 Kg7 61. c4 Kf7 62. b5 Ke7 63. f5 Kf7 64. h5 Ke7 65. Kd5 Kf7 66. Re6 Kg7 67. Kd6 Kf7 68. c6 Kg7 69. c7 Kh7 70. Kd7 Kg7 71. c8=N Kf7 72. Nb6 Kg7 73. Nbd5 Kh7 74. Nc3 Kg7 75. Nb1 Kf7 76. b6 Kg7 77. b7 Kh7 78. c5 Kg7 79. c6 Kf7 80. c7 Kg7 81. c8=B Kh7 82. b8=B Kg7 83. Bg3 Kf7 84. Be1 Kg7 85. Bd2 Kh7 86. Bc1 Kg7 87. Bb7 Kf7 88. Bg2 Kg7 89. Bf1 Kh7 90. Kd6 Kg7 91. Ke5 Kf7 92. Kf4 Kg7 93. Kg5 Kh7 94. Rf6 Kg7 95. Rh6 Kf7 96. Rg6 Ke7 97. h6 Kd7 98. h7 Kc7 99. h8=R Kd7 100. Rh1 Kc7 101. Kf4 Kd7 102. Ke5 Kc7 103. Kd5 Kd7 104. Rg7+ Kc8 105. f6 Kb8 106. Re7 Ka8 107. Ke6 Kb8 108. Kf7 Ka8 109. Ke8 Kb8 110. f7 Ka8 111. f8=Q Kb8 112. Qf2 Ka8 113. Qe1 Kb8 114. Qd1 Ka8 115. Ng2 Kb8 116. Nf4 Ka8 117. Nh3 Kb8 118. Ng1 Ka8 119. Rd7 Kb8 120. Ke7 Kc8 121. Ke6 Kb8 122. Ke5 Kc8 123. Ke4 Kb8 124. Ke3 Kc8 125. Ke2 Kb8 126. Ke1 Kc8 127. Ra7 Kb8 128. Ra1 Kc8 129. Qa4 Kb8 130. Qa8+ Kc7 131. Ra2 Kd6 132. Qb7 Kc5 133. Qd7 Kb4 134. Qc6 Kb3 135. Ra1 Kb4 136. Qc7 Kb3 137. Qc8 Kb4 138. Qf5 Kb3 139. Qg4 Kc2 140. Qd1# 1-0

[Event "December 5 Early 2023"]
[Site "https://www.chess.com"]
[Date "2023.12.05"]
[Round "9"]
[White "Alikhanov, Felix"]
[Black "Csonka, Balazs"]
[Result "1/2-1/2"]
[Board "52"]
[TimeControl "180+1"]
[WhiteFideId "4157427"]
[BlackFideId "742910"]
[WhiteElo "2528"]
[BlackElo "2704"]
[WhiteTeam "RUS"]
[BlackTeam "HUN"]
[WhiteClock "0:00:14"]
[BlackClock "0:00:04"]

1. e4 c5 2. d4 cxd4 3. c3 dxc3 4. Nxc3 Nc6 5. Nf3 e6 6. Bc4 Bb4 7. O-O Nge7 8. Qe2 O-O 9. Rd1 Qa5 10. Bd2 Qh5 11. a3 Bxc3 12. Bxc3 d5 13. Ba2 Bd7 14. b4 a6 15. a4 Rfe8 16. b5 axb5 17. axb5 Na7 18. b6 Nb5 19. Bb4 Ng6 20. exd5 exd5 21. Qd2 Bc6 22. Bb3 h6 23. Rxa8 Rxa8 24. Bxd5 Bxd5 25. Qxd5 Qxd5 26. Rxd5 Ra1+ 27. Ne1 Na3 28. Ra5 Rb1 29. Rxa3 Rxb4 30. Kf1 Rxb6 31. g3 Ne5 32. f4 Nc4 33. Rc3 Nd6 34. Nd3 Rc6 35. Ra3 f6 36. Ke2 Kh7 37. g4 Rc7 38. h4 Nb5 39. Ra5 Re7+ 40. Kf2 Nd4 41. Rd5 Nc6 42. h5 Kg8 43. Rb5 Kf7 44. Nc5 Nd8 45. Rb6 Rc7 46. Ne4 Rd7 47. Ke3 Ke7 48. Ng3 Nc6 49. Nf5+ Kf7 50. Rxb7 Rxb7 51. Nd6+ Ke6 52. Nxb7 f5 53. Nc5+ Kf6 54. gxf5 Kxf5 55. Nd3 Kf6 56. Ke4 Ne7 57. Ne5 Nf5 58. Nf3 Ng3+ 59. Ke3 Nxh5 60. Ke4 Kf7 61. Kf5 Nf6 62. Ne5+ Kg8 63. Kg6 Nd5 64. f5 Ne7+ 65. Kh5 Nxf5 66. Kg4 Ne7 67. Nf3 Kf7 68. Kh5 Kf6 69. Nh2 Nf5 70. Ng4+ Kf7 71. Ne5+ Kg8 72. Kg6 Ne7+ 73. Kh5 Kh7 74. Ng4 Nf5 75. Ne5 Ne7 76. Ng4 g6+ 77. Kh4 Nf5+ 78. Kh3 Kg7 79. Ne5 Kf6 80. Ng4+ Kg5 81. Nf2 h5 82. Ne4+ Kf4 83. Nf6 Ne7 84. Nxh5+ gxh5 85. Kh4 Nf5+ 86. Kxh5 1/2-1/2

[Event "December 5 Early 2023"]
[Site "https://www.chess.com"]
[Date "2023.12.05"]
[Round "9"]
[White "Bychkov, Vladimir"]
[Black "Tasev, Dejan"]
[Result "1-0"]
[Board "53"]
[TimeControl "180+1"]
[WhiteFideId "24151513"]
[BlackFideId "936618"]
[WhiteElo "2478"]
[BlackElo "2672"]
[WhiteTeam "RUS"]
[BlackTeam "SRB"]
[WhiteClock "0:00:11"]
[BlackClock "0:00:04"]

1. e4 d6 2. d4 Nf6 3. Nc3 g6 4. f4 Bg7 5. Be3 O-O 6. Nf3 c5 7. Qd2 cxd4 8. Nxd4 Nc6 9. Nxc6 bxc6 10. Be2 Rb8 11. Rb1 Qa5 12. O-O Ng4 13. Bxg4 Bxg4 14. f5 gxf5 15. Bh6 fxe4 16. Bxg7 Kxg7 17. Qf4 Be6 18. Nxe4 h6 19. Rf3 Kh7 20. Qh4 f6 21. Re1 Qd5 22. b3 Rf7 23. c4 Qd4+ 24. Kh1 c5 25. Rfe3 Bd7 26. Qf2 Rg8 27. Qe2 Rgg7 28. Rd1 Qe5 29. Nxd6 Qxd6 30. Rxd6 exd6 31. Kg1 Bc6 32. g3 Re7 33. Rxe7 1-0

[Event "December 5 Early 2023"]
[Site "https://www.chess.com"]
[Date "2023.12.05"]
[Round "9"]
[White "Kuderinov, Kirill"]
[Black "Grochal, Joey"]
[Result "1-0"]
[Board "54"]
[TimeControl "180+1"]
[WhiteFideId "13701568"]
[BlackFideId "1019945"]
[WhiteElo "2665"]
[BlackElo "2509"]
[WhiteTeam "KAZ"]
[BlackTeam "NED"]
[WhiteClock "0:00:28"]
[BlackClock "0:00:00"]

1. e4 c5 2. Nf3 e6 3. c3 Nf6 4. d3 d6 5. g3 b6 6. Bg2 Bb7 7. O-O Nbd7 8. Nbd2 g6 9. a4 a6 10. Re1 Qc7 11. d4 Bg7 12. e5 dxe5 13. dxe5 Ng4 14. Nc4 O-O 15. h3 Nh6 16. Bf4 Kh8 17. Nd6 Bd5 18. b4 Nf5 19. a5 b5 20. Nxf5 gxf5 21. Ng5 Bxg2 22. Kxg2 h6 23. Qh5 Kg8 24. Nf3 Rfd8 25. Bxh6 Bxh6 26. Qxh6 Nf8 27. Qg5+ Ng6 28. h4 Qe7 29. Qf4 cxb4 30. cxb4 Rac8 31. Qh6 Qf8 32. Qxf8+ Kxf8 33. Rac1 Ne7 34. Rc5 Nd5 35. Rec1 Rxc5 36. Rxc5 Nxb4 37. Rc7 Nd3 38. Ra7 Rd5 39. h5 Kg7 40. h6+ Kxh6 41. Rxf7 Nc5 42. Rc7 b4 43. Rc6 b3 44. Rb6 f4 45. gxf4 Kg6 46. Nh4+ Kh5 47. Nf3 Kg4 48. Rb4 Rd1 49. Nd4 Kxf4 50. Nxb3+ Ne4 51. Nc5 Re1 52. Nxe4 Rxe4 53. Rb6 Rxe5 54. Rxa6 Kf5 55. Ra8 Re4 56. a6 Ra4 57. a7 Ke5 58. f4+ Ke4 59. f5 exf5 60. Re8+ Kf4 61. a8=Q Rxa8 62. Rxa8 1-0

[Event "December 5 Early 2023"]
[Site "https://www.chess.com"]
[Date "2023.12.05"]
[Round "9"]
[White "Kokoszczynski, Jan"]
[Black "Herman, Daniel"]
[Result "1-0"]
[Board "55"]
[TimeControl "180+1"]
[WhiteFideId "1174460"]
[BlackFideId "30935008"]
[WhiteElo "2663"]
[BlackElo "2436"]
[WhiteTeam "POL"]
[BlackTeam "USA"]
[WhiteClock "0:00:52"]
[BlackClock "0:00:37"]

1. Nf3 d5 2. g3 Nf6 3. Bg2 c6 4. O-O g6 5. d3 Bg7 6. Qe1 O-O 7. e4 Na6 8. e5 Ne8 9. Qe2 Bg4 10. Re1 e6 11. h3 Bxf3 12. Bxf3 c5 13. c3 Nb8 14. h4 Nc6 15. Bf4 Nc7 16. Nd2 b5 17. Bg2 b4 18. Bg5 Qd7 19. Bf6 Nb5 20. Rac1 bxc3 21. bxc3 d4 22. c4 Nc3 23. Qf3 Rac8 24. h5 Nxa2 25. Bxg7 Kxg7 26. Qf6+ Kh6 27. g4 1-0

[Event "December 5 Early 2023"]
[Site "https://www.chess.com"]
[Date "2023.12.05"]
[Round "9"]
[White "Antunez Soler, Luis"]
[Black "YurasovMat-2012"]
[Result "0-1"]
[Board "56"]
[TimeControl "180+1"]
[WhiteFideId "3513335"]
[WhiteElo "2660"]
[BlackElo "2366"]
[WhiteTeam "CUB"]
[WhiteClock "0:00:08"]
[BlackClock "0:00:26"]

1. e4 e5 2. Nf3 Nf6 3. Nxe5 d6 4. Nf3 Nxe4 5. c4 Be7 6. d4 O-O 7. Bd3 d5 8. O-O c6 9. h3 Bf5 10. Qc2 Na6 11. a3 Rc8 12. Nc3 Re8 13. Re1 Bf6 14. Nxe4 dxe4 15. Bxe4 Rxe4 16. Rxe4 Qd7 17. Qe2 Bxe4 18. Qxe4 Re8 19. Qg4 Qxg4 20. hxg4 Re2 21. g5 Be7 22. b4 Rc2 23. c5 Nc7 24. Be3 Nd5 25. Kh2 f6 26. gxf6 Bxf6 27. Kg3 Kf7 28. Rb1 a6 29. a4 Nc3 30. Rb3 Nxa4 31. Bf4 Nc3 32. Ne5+ Ke6 33. f3 Ne2+ 34. Kg4 h5+ 35. Kxh5 Nxf4+ 36. Kg4 Nd5 37. f4 Bxe5 38. dxe5 Rxg2+ 39. Kf3 Rh2 40. Ke4 Rh4 41. Rg3 0-1

[Event "December 5 Early 2023"]
[Site "https://www.chess.com"]
[Date "2023.12.05"]
[Round "9"]
[White "Shuvalova, Polina"]
[Black "Batbold, Nyamsuren"]
[Result "1-0"]
[Board "57"]
[TimeControl "180+1"]
[WhiteFideId "24171760"]
[BlackFideId "4903331"]
[WhiteElo "2836"]
[BlackElo "2414"]
[WhiteTeam "RUS"]
[BlackTeam "MGL"]
[WhiteClock "0:01:22"]
[BlackClock "0:00:18"]

1. e4 c5 2. Nf3 g6 3. c3 Bg7 4. d4 cxd4 5. cxd4 d6 6. Nc3 Nf6 7. h3 O-O 8. Be2 b6 9. O-O Bb7 10. Bd3 Nc6 11. a3 Rc8 12. Be3 Na5 13. Qe2 h5 14. Rac1 Nb3 15. Rc2 Re8 16. Rd1 Qd7 17. Ng5 Nh7 18. Nxh7 Kxh7 19. Bc4 Na5 20. Bxf7 Rf8 21. Ba2 a6 22. Nd5 Bxd5 23. Bxd5 e6 24. Ba2 b5 25. b4 Nc6 26. Qd3 Ne7 27. Rdc1 Rxc2 28. Rxc2 Rc8 29. Bb3 d5 30. e5 Nf5 31. Rxc8 Qxc8 32. g4 hxg4 33. hxg4 Nxe3 34. Qxe3 Qd8 35. Bc2 Bh6 36. Qf3 Kg7 37. Kg2 Qh4 38. a4 Bf4 39. Qxf4 1-0

[Event "December 5 Early 2023"]
[Site "https://www.chess.com"]
[Date "2023.12.05"]
[Round "9"]
[White "Yelisieiev, Yevhenii"]
[Black "Starozhilov, Leonid"]
[Result "1/2-1/2"]
[Board "58"]
[TimeControl "180+1"]
[WhiteFideId "14139642"]
[BlackFideId "14106752"]
[WhiteElo "2552"]
[BlackElo "2744"]
[WhiteTeam "GER"]
[BlackTeam "UKR"]
[WhiteClock "0:00:50"]
[BlackClock "0:00:39"]

1. d4 Nf6 2. Nf3 g6 3. g3 Bg7 4. Bg2 O-O 5. O-O d6 6. b3 c6 7. Bb2 Bf5 8. c4 a5 9. Nc3 Ne4 10. Nh4 Nxc3 11. Bxc3 Bg4 12. Qd2 a4 13. b4 d5 14. c5 b5 15. e4 dxe4 16. Bxe4 Bh3 17. Rfe1 e6 18. Nf3 Bf5 19. Ne5 Bxe4 20. Rxe4 Qd5 21. Rae1 Nd7 22. h4 Nxe5 23. dxe5 Qxd2 24. Bxd2 Rfd8 25. Bf4 Rd5 26. Kf1 Rad8 27. Ke2 h6 28. Rb1 R8d7 29. g4 Rd3 30. Be3 R7d5 31. f4 Kh7 32. Rb2 h5 33. g5 Bf8 34. Rd2 Rxd2+ 35. Bxd2 Be7 36. Bc3 Kg8 1/2-1/2

[Event "December 5 Early 2023"]
[Site "https://www.chess.com"]
[Date "2023.12.05"]
[Round "9"]
[White "Saravana, Krishnan P."]
[Black "Krysa, Leandro"]
[Result "0-1"]
[Board "59"]
[TimeControl "180+1"]
[WhiteFideId "5018382"]
[BlackFideId "116807"]
[WhiteElo "2555"]
[BlackElo "2718"]
[WhiteTeam "IND"]
[BlackTeam "ARG"]
[WhiteClock "0:00:03"]
[BlackClock "0:00:31"]

1. e4 e5 2. Nf3 Nc6 3. Bb5 a6 4. Ba4 Nf6 5. O-O Be7 6. Re1 b5 7. Bb3 d6 8. c3 O-O 9. h3 Na5 10. Bc2 c5 11. d4 Nd7 12. Nbd2 exd4 13. cxd4 Nc6 14. d5 Nce5 15. a4 Rb8 16. axb5 axb5 17. Nxe5 Nxe5 18. f4 Ng6 19. Nf3 Bh4 20. Rf1 Bg3 21. f5 Ne5 22. Qe2 Nxf3+ 23. Rxf3 Be5 24. Rb1 f6 25. Be3 Re8 26. Kh1 Qa5 27. Rff1 b4 28. Bd3 b3 29. Ra1 Qb4 30. Ra3 Bd7 31. Bc4 Bb5 32. Bxb5 Rxb5 33. Bd2 Qxa3 34. bxa3 Reb8 35. Rb1 b2 36. Qc4 Rb3 37. a4 Ra3 38. a5 Ra1 39. Qc2 Rb3 40. a6 Rxb1+ 41. Qxb1 Ra3 42. Qf1 Ra1 0-1

[Event "December 5 Early 2023"]
[Site "https://www.chess.com"]
[Date "2023.12.05"]
[Round "9"]
[White "Kislinsky, Alexey"]
[Black "Hajiyev, Kanan"]
[Result "1-0"]
[Board "60"]
[TimeControl "180+1"]
[WhiteFideId "14108801"]
[BlackFideId "13404148"]
[WhiteElo "2703"]
[BlackElo "2550"]
[WhiteTeam "CZE"]
[BlackTeam "AZE"]
[WhiteClock "0:00:42"]
[BlackClock "0:00:44"]

1. e4 c6 2. d4 d5 3. e5 a6 4. Be2 Bf5 5. Nf3 e6 6. O-O c5 7. Be3 Qb6 8. Nc3 Nd7 9. dxc5 Nxc5 10. Nd4 Bg6 11. Rb1 Qc7 12. f4 Ne7 13. b4 Ne4 14. Nxe4 Bxe4 15. Rc1 Nf5 16. Nxf5 exf5 17. c4 Qd7 18. Qb3 Be7 19. Rfd1 dxc4 20. Bxc4 Qxd1+ 21. Rxd1 O-O 22. Rd7 Rae8 23. Bc5 Bxc5+ 24. bxc5 Rc8 25. Rxf7 Rxf7 26. Bxf7+ Kh8 27. Qe6 Ra8 28. Be8 h6 29. c6 bxc6 30. Bxc6 Rb8 31. Bxe4 fxe4 32. Qb3 Rxb3 33. axb3 g5 34. fxg5 hxg5 35. Kf2 Kg7 36. Ke3 Kf7 37. Kxe4 Ke6 38. h3 a5 39. g3 Kf7 40. h4 gxh4 41. gxh4 Ke6 42. h5 Kf7 43. Kd5 Ke7 44. h6 Kf7 45. e6+ 1-0

[Event "December 5 Early 2023"]
[Site "https://www.chess.com"]
[Date "2023.12.05"]
[Round "9"]
[White "Hua, Lefong"]
[Black "Osmak, Yuliia"]
[Result "0-1"]
[Board "61"]
[TimeControl "180+1"]
[WhiteFideId "2602253"]
[BlackFideId "14101602"]
[WhiteElo "2702"]
[BlackElo "2547"]
[WhiteTeam "CAN"]
[BlackTeam "UKR"]
[WhiteClock "0:00:11"]
[BlackClock "0:00:06"]

1. d4 Nf6 2. c4 g6 3. Nc3 Bg7 4. e4 d6 5. f4 c5 6. d5 e6 7. Nf3 O-O 8. Be2 exd5 9. cxd5 Re8 10. Nd2 b5 11. Bxb5 Bg4 12. Be2 Bxe2 13. Qxe2 Nxe4 14. Ncxe4 f5 15. O-O Nd7 16. Qf3 fxe4 17. Nxe4 Qe7 18. Ng5 Bd4+ 19. Kh1 Qe2 20. Ne6 Qxf3 21. gxf3 Bf6 22. Nc7 Nb6 23. Rd1 Rac8 24. Nxe8 Rxe8 25. f5 gxf5 26. Bf4 Nc4 27. Rac1 Nxb2 28. Rg1+ Kf7 29. Bxd6 Rd8 30. Bg3 Rxd5 31. Rc2 c4 32. Rb1 c3 33. Be1 Rd3 34. Kg2 Nc4 35. Kf2 Ne3 36. Rb7+ Kg6 37. Re2 c2 38. Rc7 Bd4 39. Kg3 Rd1 40. Bf2 Be5+ 41. f4 Bxc7 42. Bxe3 c1=Q 43. Bxc1 Rxc1 44. Re6+ Kf7 45. Ra6 Bb6 46. Ra4 Rc3+ 47. Kg2 Kg6 48. h3 Kh5 49. Ra6 Kh4 50. a4 Rc2+ 51. Kf1 Kxh3 52. a5 Bd4 53. Rh6+ Kg4 54. Rh2 Rxh2 0-1